 Dungeon Crawl Stone Soup version 0.25-a0-589-g1e14c549ee (webtiles) character file.

Game seed: 4427545848224904743, levelgen mode: deterministic

151077 Flugslaktarn the Severer (level 16, -3/152 HPs)
             Began as a Deep Dwarf Fighter on Mar 13, 2020.
             Was the Champion of Makhleb.
             Slain by an acid blob (30 damage)
             ... on level 2 of the Pits of Slime.
             The game lasted 00:14:59 (14138 turns).

Flugslaktarn the Severer (Deep Dwarf Fighter)      Turns: 14138, Time: 00:15:00

Health: -3/152     AC: 13    Str: 24    XL:     16   Next: 36%
Magic:  12/12      EV:  7    Int: 12    God:    Makhleb [******]
Gold:   807        SH: 15    Dex: 21    Spells: 15/15 levels left

rFire    + . .     SeeInvis .   K - +2 broad axe (protect)
rCold    + + +     Gourm    .   Y - +0 kite shield {reflect}
rNeg     + + +     Faith    +   v - +8 plate armour of the Ageless Stars {rC+ rN++ Dex+4 Stlth-}
rPois    +         Spirit   .   P - +2 hat of Winter {rPois rC+ Dex+3 Slay+5}
rElec    .         Reflect  +   B - scarf {rC+ rF+}
rCorr    +         Harm     .   a - +2 pair of gloves
MR       ++...                  (no boots)
Stlth    ..........             W - amulet of faith
HPRegen  0.00/turn              p - +4 ring of protection
MPRegen  0.13/turn              k - ring of resist corrosion

@: corroded, non-regenerating, hasted, very quick
A: damage resistance, heal wounds, agile 1, negative energy resistance 1, sense
surroundings 2, poison resistance, no regeneration
}: 2/15 runes: serpentine, barnacled
a: Heal Wounds, Minor Destruction, Lesser Servant of Makhleb, Major Destruction,
Greater Servant of Makhleb, Renounce Religion


You were on level 2 of the Pits of Slime.
You worshipped Makhleb.
Makhleb was exalted by your worship.
You were hungry.

You visited 6 branches of the dungeon, and saw 28 of its levels.
You also visited: Bailey.

You collected 1241 gold pieces.
You spent 434 gold pieces at shops.

Inventory:

Hand Weapons
 c - a +2 broad axe of holy wrath
   (You acquired it on level 2 of the Shoals)
 K - a +2 broad axe of protection (weapon)
   (You found it on level 2 of the Lair of Beasts)
 X - a +1 vorpal broad axe
   (You took it off Donald on level 2 of the Shoals)
Missiles
 D - 7 throwing nets (quivered)
Armour
 a - a +2 pair of gloves (worn)
   (You found it on level 4 of the Shoals)
 v - the +8 plate armour of the Ageless Stars (worn) {rC+ rN++ Dex+4 Stlth-}
   (You found it on level 9 of the Dungeon)

   It affects your dexterity (+4).
   It protects you from cold.
   It greatly protects you from negative energy.
   It makes you less stealthy.
 y - a scarf of repulsion
   (You found it on level 4 of the Dungeon)
 B - a scarf of resistance (worn)
   (You found it on level 6 of the Dungeon)
 C - a +2 helmet
   (You found it on level 6 of the Dungeon)
 P - the +2 hat of Winter (worn) {rPois rC+ Dex+3 Slay+5}
   (You found it on level 6 of the Lair of Beasts)

   It affects your dexterity (+3).
   It affects your accuracy and damage with ranged weapons and melee attacks
   (+5).
   It protects you from cold.
   It protects you from poison.
 S - a +0 tower shield
   (You found it on level 3 of the Lair of Beasts)
 Y - a +0 kite shield of reflection (worn)
   (You took it off Donald on level 2 of the Shoals)
Jewellery
 f - an uncursed ring of protection from fire
   (You found it on level 1 of the Lair of Beasts)
 i - an uncursed ring of see invisible
   (You found it on level 5 of the Lair of Beasts)
 j - an uncursed amulet of the acrobat
   (You found it on level 3 of the Dungeon)
 k - a ring of resist corrosion (right hand)
   (You found it on level 3 of the Dungeon)
 o - the ring of Gaydura {+Blink rN+++ MR- Int+4 SInv}
   (You found it on level 9 of the Dungeon)

   [ring of intelligence]

   It affects your intelligence (+4).
   It renders you almost immune to negative energy.
   It affects your resistance to hostile enchantments.
   It lets you see invisible.
   It lets you blink.
 p - a +4 ring of protection (left hand)
   (You found it on level 2 of the Lair of Beasts)
 N - a +3 ring of strength
   (You found it on level 3 of the Dungeon)
 Q - an uncursed ring of protection from fire
   (You found it on level 2 of the Lair of Beasts)
 W - an amulet of faith (around neck)
   (You found it on level 2 of the Dungeon)
Wands
 b - a wand of acid (20)
   (You found it on level 10 of the Dungeon)
 n - a wand of clouds (3)
   (You found it on level 5 of the Dungeon)
 A - a wand of paralysis (33)
   (You found it on level 5 of the Dungeon)
 I - a wand of enslavement (17)
   (You found it on level 4 of the Snake Pit)
 L - a wand of iceblast (22)
   (You found it on level 7 of the Dungeon)
Scrolls
 g - 3 scrolls of magic mapping
 r - a scroll of identify
 t - 5 scrolls of teleportation
 x - 2 scrolls of remove curse
 z - 4 scrolls of blinking
 F - 2 scrolls of immolation
 G - 5 scrolls of vulnerability
 J - 3 scrolls of enchant armour
 R - a scroll of fear
 V - a scroll of summoning
Potions
 d - 2 potions of might
 m - 2 potions of ambrosia
 q - 7 potions of curing
 s - a potion of berserk rage {unknown}
 u - 6 potions of stabbing
 w - a potion of heal wounds
 H - a potion of cancellation
 M - a potion of brilliance
 T - a potion of flight {unknown}
 U - 2 potions of mutation
Comestibles
 e - 33 rations


   Skills:
 + Level 12.1 Fighting
 - Level 18.0 Axes
 + Level 14.0 Armour
 + Level 14.0 Shields
 + Level 13.7 Invocations


You had 15 spell levels left.
You didn't know any spells.
Your spell library was empty.

Dungeon Overview and Level Annotations

Branches:
Dungeon (10/15)            Temple (1/1) D:4            Lair (6/6) D:10
 Shoals (4/4) Lair:3        Snake (4/4) Lair:2        Slime (3/5) Lair:5
 Bailey (visited)
    Orc: D:9-12

Altars:
Cheibriados
Dithmenos
Elyvilon
Fedhas
Gozag
Hepliaklqana
Kikubaaqudgha
Makhleb
Nemelex Xobeh
Okawaru
Qazlal
Ru
Sif Muna
Trog
Uskayaw
Vehumet
Wu Jian
Xom
Yredelemnul
Zin
The Shining One
Jiyva

Shops:
D:4 (

Annotations:
D:4 1 runed translucent door, MisterFreud's ghost, novice GnFi
Lair:6 exclusion: oklob plant


Innate Abilities, Weirdness & Mutations

You are resistant to damage.
You can heal yourself by infusing magical energy.
You resist negative energy. (rN+)
You passively map the area around you.
You do not regenerate.
You are agile. (Dex +2)
Your system is resistant to poisons. (rPois)


Message History

* * * LOW HITPOINT WARNING * * *
You block the slime creature's attack.
You feel much better. The acid blob hits you!
You are splashed with acid.
You resist. The acid blob spits acid at you. The splash of acid hits you.
You resist.
* * * LOW HITPOINT WARNING * * *
You are splashed with acid.
You resist.
* * * LOW HITPOINT WARNING * * *
You block the acid blob's attack. You block the slime creature's attack.
You feel much better. The acid blob spits acid at you.
The splash of acid hits you. You resist.
You are splashed with acid.
You resist. The acid blob hits you!!
* * * LOW HITPOINT WARNING * * *
You are splashed with acid.
You resist. The slime creature hits you!
* * * LOW HITPOINT WARNING * * *
You feel yourself speed up. You block the acid blob's attack.
The acid blob hits you!!
You die...

* ###.#.#.
##.........,
##.......... *
####.........<.,
###......#.......
,*
#.........#......,*
......JJ....<.... *
**......G@........#
*
........J<......#*
, ................#
**
,,.................
* .#..#.#..........
*
,..####.....#..#.#
, , ., ##........##
, * ###..#....#
#... ..##


You could see 2 acid blobs, a slime creature and an eye of devastation.

Vanquished Creatures
  A kraken (Shoals:4)
  Donald (Shoals:2)
  9 nagarajas (Snake:4)
  Nessos (Lair:4)
  A merfolk javelineer (Shoals:4)
  6 merfolk impalers
  A great orb of eyes (Slime:3)
  A hydra (Lair:3)
  13 naga warriors
  5 anacondas
  A merfolk aquamancer (Shoals:1)
  2 merfolk avatars
  2 alligator snapping turtles
  6 naga sharpshooters (Snake:4)
  6 shock serpents
  Nergalle (Lair:4)
  3 salamander mystics (Snake:4)
  2 sea snakes
  9 naga ritualists
  A deep elf archer (Bailey)
  A shining eye (Slime:1)
  9 deep elf magi (Bailey)
  6 mana vipers
  9 salamanders
  2 oklob plants (Lair:1)
  4 manticores
  4 merfolk sirens
  4 water nymphs
  6 guardian serpents
  9 naga magi
  13 elephants
  24 black mambas
  6 spiny frogs
  3 rime drakes
  2 komodo dragons
  A queen bee (D:8)
  25 merfolk
  2 trolls (D:9)
  4 polar bears
  2 wind drakes
  6 hornets (Lair:6)
  5 slime creatures (Slime:1)
  3 blink frogs (Lair:3)
  5 dream sheep (Lair:6)
  2 snapping turtles
  7 hippogriffs
  3 water elementals
  A wraith (D:10)
  12 spriggans (Lair:6)
  A wyvern (Lair:5)
  3 basilisks
  29 yaks
  46 nagas
  12 water moccasins
  8 porcupines
  3 sky beasts
  An orc warrior (D:9)
  7 black bears
  A phantom (D:8)
  A necrophage (D:10)
  2 ogres
  4 boggarts (Lair:6)
  24 wolves (Lair:6)
  5 centaurs
  8 crocodiles
  A big kobold (D:7)
  14 bullfrogs
  A wyvern zombie (D:9)
  3 scorpions
  15 killer bees (D:8)
  A wight (D:9)
  A howler monkey (D:9)
  2 electric eels (Lair:1)
  2 bullfrog zombies
  3 crimson imps
  2 hounds
  2 bullfrog skeletons (D:5)
  2 orc priests
  8 orc wizards
  6 iguanas
  4 worker ants
  A killer bee zombie (D:7)
  A hound skeleton (D:5)
  A mummy (D:6)
  A howler monkey zombie (D:7)
  9 adders
  2 shadow imps (D:8)
  An ooze (D:3)
  An adder skeleton (D:7)
  A worm (D:2)
  A dart slug (D:2)
  3 leopard geckos
  23 orcs
  2 giant cockroaches
  8 goblins
  4 hobgoblins
  20 jackals
  12 kobolds
  2 quokkas
  A ball python (D:4)
  2 bats
  5 frilled lizards
  A jackal zombie (D:5)
  2 leopard gecko skeletons
  A quokka skeleton (D:7)
  5 rats
  4 plants
  2 tentacles (Shoals:4)
590 creatures vanquished.

Vanquished Creatures (collateral kills)
  2 hydras
  An anaconda (Snake:4)
  A naga sharpshooter (Snake:4)
  A hippogriff (Lair:3)
  A basilisk (Lair:3)
  A crocodile (Lair:3)
7 creatures vanquished.

Vanquished Creatures (others)
  A mana viper (Snake:4)
  3 nagas
  A bush (Lair:3)
  A fungus (Lair:3)
  A plant (Lair:1)
  8 tentacles (Shoals:4)
15 creatures vanquished.

Grand Total: 612 creatures vanquished

Notes
Turn   | Place    | Note
-------+----------+-------------------------------------------
     0 | D:1      | Flugslaktarn the Deep Dwarf Fighter began the quest for the
                  | Orb.
     0 | D:1      | Reached XP level 1. HP: 20/20 MP: 1/1
    87 | D:1      | Reached XP level 2. HP: 21/27 MP: 2/2
   198 | D:2      | Found an ornate altar of the Wu Jian Council.
   280 | D:3      | Reached skill level 3 in Axes
   280 | D:3      | Reached XP level 3. HP: 27/34 MP: 3/3
   472 | D:4      | Reached XP level 4. HP: 31/42 MP: 4/4
   510 | D:4      | Reached skill level 4 in Axes
   510 | D:4      | Reached XP level 5. HP: 46/49 MP: 3/3
   577 | D:4      | Found a staircase to the Ecumenical Temple.
   684 | D:5      | Entered Level 5 of the Dungeon
   699 | D:5      | Found a shimmering blue altar of Sif Muna.
   700 | D:5      | Found a glowing silver altar of Zin.
   700 | D:5      | Found a sacrificial altar of Ru.
   861 | D:5      | Reached XP level 6. HP: 34/56 MP: 4/4
   998 | D:5      | Reached skill level 5 in Axes
  1146 | D:5      | Reached XP level 7. HP: 22/64 MP: 5/5
  1278 | Temple   | Entered the Ecumenical Temple
  1589 | D:4      | Reached skill level 5 in Armour
  1589 | D:4      | Reached skill level 5 in Shields
  1733 | D:4      | Found a runed translucent door.
  1742 | D:4      | Found Heretes's Antique Weapon Shoppe.
  2026 | D:4      | Noticed MisterFreud's ghost (novice GnFi)
  2197 | D:5      | Found a shadowy altar of Dithmenos.
  2202 | D:5      | Reached skill level 6 in Axes
  2560 | D:6      | Found a blossoming altar of Fedhas.
  3108 | D:7      | Reached XP level 8. HP: 42/73 MP: 4/4
  3117 | D:7      | Found a flagged portal.
  3132 | D:7      | Reached skill level 7 in Axes
  3140 | Bailey   | Entered a bailey
  3148 | Bailey   | Noticed a deep elf mage
  3161 | Bailey   | Killed a deep elf mage
  3161 | Bailey   | Reached skill level 5 in Fighting
  3171 | Bailey   | Noticed a deep elf mage
  3172 | Bailey   | Noticed a deep elf mage
  3172 | Bailey   | Noticed a deep elf mage
  3172 | Bailey   | Noticed a deep elf mage
  3172 | Bailey   | Noticed a deep elf mage
  3176 | Bailey   | Noticed a jumping spider
  3183 | Bailey   | Killed a deep elf mage
  3183 | Bailey   | Reached skill level 8 in Axes
  3183 | Bailey   | Gained mutation: You passively map the area around you.
                  | [Deep Dwarf growth]
  3183 | Bailey   | Reached XP level 9. HP: 75/81 MP: 4/4
  3185 | Bailey   | Killed a deep elf mage
  3185 | Bailey   | Killed a deep elf mage
  3185 | Bailey   | Reached skill level 9 in Axes
  3192 | Bailey   | Killed a deep elf mage
  3211 | Bailey   | Killed a deep elf mage
  3211 | Bailey   | Reached skill level 10 in Axes
  3247 | Bailey   | Noticed a deep elf archer
  3270 | Bailey   | Killed a deep elf archer
  3270 | Bailey   | Reached XP level 10. HP: 41/92 MP: 5/5
  3318 | Bailey   | Noticed a deep elf mage
  3320 | Bailey   | Noticed a deep elf mage
  3320 | Bailey   | Noticed a deep elf mage
  3332 | Bailey   | Killed a deep elf mage
  3344 | Bailey   | Killed a deep elf mage
  3344 | Bailey   | HP: 4/92 [earth elemental[a deep elf mage] (25)]
  3353 | Bailey   | Killed a deep elf mage
  3728 | D:7      | Reached skill level 11 in Axes
  3892 | D:3      | Found a glowing golden altar of the Shining One.
  4353 | D:2      | Found a white marble altar of Elyvilon.
  4355 | D:2      | Found a burning altar of Makhleb.
  4355 | D:2      | Found an opulent altar of Gozag.
  4356 | D:2      | Found a bloodstained altar of Trog.
  4356 | D:2      | Found a shimmering altar of Xom.
  4364 | D:2      | Became a worshipper of Makhleb the Destroyer
  4552 | D:4      | Bought a smoking war axe for 246 gold pieces
  4552 | D:4      | Identified the cursed +1 war axe of Change {vorpal, Dex+3}
                  | (You bought it in a shop on level 4 of the Dungeon)
  4553 | D:4      | Bought a glowing war axe for 188 gold pieces
  4901 | D:8      | Reached skill level 1 in Invocations
  4970 | D:8      | Reached * piety under Makhleb
  5686 | D:9      | Found a basalt altar of Yredelemnul.
  5870 | D:9      | Reached XP level 11. HP: 78/100 MP: 6/6
  5938 | D:9      | Reached ** piety under Makhleb
  6021 | D:9      | Got an ancient golden ring
  6026 | D:9      | Got a transparent plate armour
  6045 | D:9      | Identified the +8 plate armour of the Ageless Stars {rC+
                  | rN++ Dex+4 Stlth-} (You found it on level 9 of the Dungeon)
  6074 | D:9      | Identified the +11 glaive of Dithmenos's Approval {drain,
                  | *Rage +Blink Str+6}
  6127 | D:9      | Noticed an eight-headed hydra
  6163 | D:10     | Entered Level 10 of the Dungeon
  6228 | D:10     | Found a staircase to the Lair.
  6253 | Lair:1   | Entered Level 1 of the Lair of Beasts
  6366 | Lair:1   | Reached skill level 12 in Axes
  6368 | Lair:1   | Identified the ring of Gaydura {+Blink rN+++ MR- Int+4
                  | SInv} (You found it on level 9 of the Dungeon)
  6693 | Lair:1   | Noticed an oklob plant
  6798 | Lair:1   | Noticed an oklob plant
  6816 | Lair:1   | Reached *** piety under Makhleb
  6827 | Lair:1   | Killed an oklob plant
  6846 | Lair:1   | Killed an oklob plant
  6846 | Lair:1   | Reached skill level 5 in Invocations
  7130 | Lair:2   | Noticed a five-headed hydra
  7136 | Lair:2   | Killed a nine-headed hydra
  7154 | Lair:2   | Found a staircase to the Snake Pit.
  7364 | Lair:2   | Reached skill level 13 in Axes
  7364 | Lair:2   | Reached skill level 10 in Armour
  7367 | Lair:2   | Reached XP level 12. HP: 112/112 MP: 9/9
  7385 | Lair:2   | Reached skill level 10 in Shields
  7737 | Lair:2   | Reached **** piety under Makhleb
  8249 | Lair:3   | Noticed a five-headed hydra
  8281 | Lair:3   | Killed an 18-headed hydra
  8399 | Lair:3   | Found a staircase to the Shoals.
  8706 | Lair:3   | Reached skill level 14 in Axes
  9141 | Lair:4   | Noticed Nessos
  9150 | Lair:4   | Noticed Nergalle
  9170 | Lair:4   | Killed Nergalle
  9178 | Lair:4   | Killed Nessos
  9865 | Lair:5   | Found a viscous altar of Jiyva.
  9866 | Lair:5   | Found a staircase to the Slime Pits.
  9906 | Lair:5   | Reached XP level 13. HP: 103/121 MP: 11/11
 10480 | Lair:6   | Entered Level 6 of the Lair of Beasts
 10674 | Lair:6   | Reached ***** piety under Makhleb
 10697 | Lair:6   | Paralysed by a hornet for 2 turns
 10929 | Lair:6   | Reached skill level 15 in Axes
 11373 | Lair:6   | Found a hazy altar of Hepliaklqana.
 11580 | Lair:6   | Got a jewelled hat
 11591 | Lair:6   | Identified the +2 hat of Winter {rPois rC+ Dex+3 Slay+5}
                  | (You found it on level 6 of the Lair of Beasts)
 11735 | Snake:1  | Entered Level 1 of the Snake Pit
 11740 | Snake:1  | Reached skill level 10 in Fighting
 11748 | Snake:1  | Reached skill level 10 in Invocations
 11859 | Snake:2  | Reached ****** piety under Makhleb
 11867 | Snake:2  | Gained mutation: You resist negative energy. (rN+) [Deep
                  | Dwarf growth]
 11867 | Snake:2  | Reached XP level 14. HP: 79/132 MP: 0/13
 12022 | Snake:4  | Entered Level 4 of the Snake Pit
 12142 | Snake:4  | Reached skill level 16 in Axes
 12201 | Snake:4  | Noticed a balrug
 12412 | Snake:4  | Noticed a balrug
 12461 | Snake:4  | Noticed a nagaraja
 12466 | Snake:4  | Noticed a nagaraja
 12468 | Snake:4  | Noticed a nagaraja
 12496 | Snake:4  | Killed a nagaraja
 12496 | Snake:4  | Reached XP level 15. HP: 118/140 MP: 14/14
 12514 | Snake:4  | Killed a nagaraja
 12528 | Snake:4  | Killed a nagaraja
 12562 | Snake:4  | Reached skill level 17 in Axes
 12652 | Snake:4  | Noticed a nagaraja
 12653 | Snake:4  | Noticed a nagaraja
 12660 | Snake:4  | Noticed a nagaraja
 12663 | Snake:4  | Noticed a nagaraja
 12674 | Snake:4  | Noticed a nagaraja
 12675 | Snake:4  | HP: 6/213 [nagaraja (7)]
 12676 | Snake:4  | HP: 2/213 [poisoned by a guardian serpent (bolt of poison)]
 12676 | Snake:4  | Noticed a nagaraja
 12685 | Snake:4  | Killed a nagaraja
 12695 | Snake:4  | Killed a nagaraja
 12699 | Snake:4  | Killed a nagaraja
 12699 | Snake:4  | Killed a nagaraja
 12699 | Snake:4  | Killed a nagaraja
 12699 | Snake:4  | Killed a nagaraja
 12884 | Snake:4  | Got a serpentine rune of Zot
 13067 | Shoals:1 | Entered Level 1 of the Shoals
 13406 | Shoals:2 | Noticed Donald
 13437 | Shoals:2 | Killed Donald
 13437 | Shoals:2 | Reached skill level 18 in Axes
 13437 | Shoals:2 | Reached XP level 16. HP: 108/152 MP: 12/12
 13496 | Shoals:2 | Identified a scroll of acquirement
 13496 | Shoals:2 | Identified the ring of Iprustet {rF- MR+ Int+6} (You
                  | acquired it on level 2 of the Shoals)
 13532 | Shoals:4 | Entered Level 4 of the Shoals
 13683 | Shoals:4 | Noticed a kraken
 13811 | Shoals:4 | Killed a kraken
 13847 | Shoals:4 | Got a barnacled rune of Zot
 14086 | Slime:1  | Entered Level 1 of the Pits of Slime
 14095 | Slime:1  | Gained mutation: You are occasionally teleported next to
                  | monsters. [a shining eye]
 14107 | Slime:1  | Lost mutation: You are occasionally teleported next to
                  | monsters. [potion of mutation]
 14107 | Slime:1  | Gained mutation: Your system is resistant to poisons.
                  | (rPois) [potion of mutation]
 14107 | Slime:1  | Gained mutation: You are agile. (Dex +2) [potion of
                  | mutation]
 14116 | Slime:3  | Noticed an acid blob
 14116 | Slime:3  | Noticed an acid blob
 14138 | Slime:2  | Slain by an acid blob

Levels and vault maps discovered:
D:1:      giann_forest_graveyard, layout_loops_ring
D:2:      layout_basic, marbit_many_paths, grunt_temple_overflow_open,
          minivault_24, kennysheep_generic_room_5
D:3:      layout_rooms, tso_metal_star
D:4:      layout_loops_ring, minmay_temple_entry_from_below_a, first_ration,
          ebering_ghost_sewer_d, serial_shops, kennysheep_little_box
D:5:      layout_loops_ring, nicolae_dithmenos_through_a_glass_darkly,
          chequers_temple_overflow_statue_of_worship
D:6:      layout_layer_cave, fedhas_bush_and_centaur_altar,
          gup_ossuary_entry_pyramid
D:7:      layout_rooms, enter_bailey_6
D:8:      layout_loops_ring, david_nohive_1
D:9:      minmay_the_grid_octo_triangle [minmay_the_grid_octo_toaster,
          minmay_the_grid_octo_prize_star, minmay_the_grid_octo_concentric],
          layout_gridville, nicolae_overflow_crystal_walls,
          yredelemnul_altar_generic, chequers_serial_rivers_room_a
D:10:     layout_basic, lair_entry_dummy, serial_shops, shop_statue, uniq_erica,
          uniq_josephine, uniq_harold
Temple:   jpeg_temple_island
Lair:1:   layout_small_grid, patterned_corridor, infiniplex_staircase_pool,
          grunt_megastairs_2, minmay_lair_oklob_chamber
Lair:2:   layout_cave_pods, guppyfry_snake_entry_island, grunt_megastairs_4
Lair:3:   layout_regular_city, minmay_shoals_entry_beasts,
          kennysheep_basilisk_garden
Lair:4:   layout_gridlike, uniq_nessos, uniq_nergalle
Lair:5:   layout_gridlike, slime_altar_1
Lair:6:   minmay_lair_end_enchanted_forest, layout_cave_shapes, basic_altar,
          minivault_19
Shoals:1: layout_shoals, nicolae_shoals_water_shrine
Shoals:2: layout_shoals, nicolae_shoals_isolated_beach, uniq_nikola,
          uniq_donald, uniq_aizul
Shoals:3: layout_shoals, uniq_polyphemus, uniq_roxanne
Shoals:4: shoals_end_hangedman, layout_shoals
Snake:1:  layout_gridlike, basic_altar, minmay_shoptagon, serial_bayou_shore_a,
          lemuel_fruit_tree, serial_bayou_shore_b
Snake:2:  layout_grid_maze, special_room
Snake:3:  layout_cave_town
Snake:4:  johnstein_snake_rune_scales, layout_onion_interference
Slime:1:  layout_caves
Slime:2:  layout_caves
Slime:3:  layout_caves

Skill      XL: |  1  2  3  4  5  6  7  8  9 10 11 12 13 14 15 16 |
---------------+-------------------------------------------------+-----
Fighting       | 3 4 5 6 7 8 9 10 11 12 | 12.1
Axes           | 3 4 5 6 8 10 11 13 14 15 16 18 | 18.0
Armour         | 4 5 6 7 8 10 11 12 13 14 | 14.0
Shields        | 4 5 6 7 8 9 10 11 12 13 14 | 14.0
Invocations    | 3 6 8 10 11 13 | 13.7

Action                   |  1- 3 |  4- 6 |  7- 9 | 10-12 | 13-15 | 16-18 || total
-------------------------+-------+-------+-------+-------+-------+-------++-------
Melee: War axe           |    83 |   151 |   184 |   843 |   386 |       ||  1647
       Broad axe         |       |       |       |       |   683 |   247 ||   930
Invok: Lesser Servant of |       |       |       |     3 |     2 |       ||     5
       Greater Servant o |       |       |       |       |     4 |       ||     4
 Abil: Heal Wounds       |       |     6 |     7 |    22 |    17 |     6 ||    58
Evoke: Wand              |       |       |     1 |     3 |     2 |       ||     6
  Use: Scroll            |       |       |       |    22 |     5 |     2 ||    29
       Potion            |       |       |       |     2 |    11 |     4 ||    17
 Stab: Distracted        |       |       |       |     1 |     1 |       ||     2
       Paralysed         |       |       |       |     4 |       |       ||     4
  Eat: Chunk             |       |     1 |     8 |    20 |     5 |     2 ||    36
       Ration            |       |       |       |     1 |     2 |       ||     3
Armor: Scale mail        |    28 |    25 |       |       |       |       ||    53
       Chain mail        |       |    42 |   131 |   153 |       |       ||   326
       Skin              |       |       |       |   101 |   104 |       ||   205
       Plate armour      |       |       |       |   365 |   913 |   170 ||  1448
Dodge: Dodged            |    38 |    34 |    76 |   234 |   302 |    59 ||   743
Block: Kite shield       |    46 |    83 |   122 |   549 |   973 |   191 ||  1964
       Reflection        |       |       |       |       |       |     2 ||     2

Table legend:
 A = Non-vault XP
 B = Vault XP
 C = Vault XP percentage of total XP
 D = Non-vault monster count
 E = Vault monster count
 F = Vault count percentage of total count
                 A         B        C        D         E       F
            +---------+---------+-------+---------+---------+-------
      Total |   99426 |   76399 |  43.5 |     413 |     182 |  30.6
            +---------+---------+-------+---------+---------+-------
        D:1 |      16 |       0 |   0.0 |      11 |       0 |   0.0
        D:2 |      30 |      10 |  25.0 |      11 |       4 |  26.7
        D:3 |      63 |       0 |   0.0 |      14 |       0 |   0.0
        D:4 |     290 |       0 |   0.0 |      17 |       0 |   0.0
        D:5 |     630 |       0 |   0.0 |      21 |       0 |   0.0
        D:6 |      58 |     126 |  68.5 |       8 |       2 |  20.0
        D:7 |    1017 |       0 |   0.0 |      33 |       0 |   0.0
        D:8 |     633 |    1278 |  66.9 |      16 |      16 |  50.0
        D:9 |     787 |    1713 |  68.5 |      18 |      13 |  41.9
       D:10 |     377 |       0 |   0.0 |       3 |       0 |   0.0
     Lair:1 |    2186 |    1917 |  46.7 |      13 |       6 |  31.6
     Lair:2 |   10921 |     160 |   1.4 |      40 |       1 |   2.4
     Lair:3 |    5369 |    1125 |  17.3 |      20 |       5 |  20.0
     Lair:4 |     737 |    2165 |  74.6 |       4 |       2 |  33.3
     Lair:5 |    4300 |       0 |   0.0 |      19 |       0 |   0.0
     Lair:6 |    6546 |    7968 |  54.9 |      27 |      46 |  63.0
   Shoals:1 |    9204 |       0 |   0.0 |      20 |       0 |   0.0
   Shoals:2 |    2666 |    5321 |  66.6 |       7 |       6 |  46.2
   Shoals:3 |     435 |       0 |   0.0 |       1 |       0 |   0.0
   Shoals:4 |    7751 |    7611 |  49.5 |      18 |       7 |  28.0
    Snake:1 |    2996 |       0 |   0.0 |       6 |       0 |   0.0
    Snake:2 |    9227 |       0 |   0.0 |      16 |       0 |   0.0
    Snake:3 |    2309 |       0 |   0.0 |       6 |       0 |   0.0
    Snake:4 |   27951 |   41182 |  59.6 |      57 |      64 |  52.9
    Slime:1 |    1933 |       0 |   0.0 |       6 |       0 |   0.0
    Slime:3 |     994 |       0 |   0.0 |       1 |       0 |   0.0
     Bailey |       0 |    5823 | 100.0 |       0 |      10 | 100.0
            +---------+---------+-------+---------+---------+-------
